AoeStats
← riicken

Black Forest

503188511Analyzed
4v4 RM · 1mo ago on Aug 30, 2026· 53m 10s· 8 players
Game mode
Random Map
Map size
Large (8 player)
Population
200
Speed
Normal
Resources
Standard
Victory
Conquest
Starting age
Dark Age
Ending age
Imperial Age
RankedLock teamsTeams togetherTeam positionsShared explorationLock speedFull tech treeHidden civsTurbo modeCheats
Victory
Defeat
🇪🇸 Celts · Spain
963
+13
🇹🇷 Cumans · Türkiye
960
+14
🇦🇷 Turks · Argentina
946
+14
🇻🇳 Vietnamese · Vietnam
941
+14
🇫🇷 Franks · France
957
-47
🇫🇷 Goths · France
922
-15
🇫🇷 Mongols · France
878
-13
🇬🇵 Khmer · Guadeloupe
876
-35
berkernirvana
0:29 Loom
13:50 Feudal Age
14:50 Double-Bit Axe
15:55 Horse Collar
19:11 Wheelbarrow
20:09 Fishing Lines
23:04 Gold Mining
27:19 Castle Age
28:10 Heavy Plow
28:35 Bow Saw
29:03 Gold Shaft Mining
28:21 Stone Mining
30:46 Caravan
31:37 Hand Cart
31:09 Town Watch
32:21 Bloodlines
33:30 Scale Barding Armor
33:36 Forging
35:08 Chain Barding Armor
35:42 Iron Casting
36:05 Town Patrol
39:04 Imperial Age
37:22 Steppe Husbandry
37:42 Gillnets
40:08 Conscription
39:11 Elite Steppe Lancer
40:30 Plate Barding Armor
40:56 Blast Furnace
sonhero3000
0:56 Loom
11:16 Feudal Age
15:55 Castle Age
14:19 Double-Bit Axe
15:47 Horse Collar
17:13 Bow Saw
19:53 Gold Mining
22:21 Wheelbarrow
24:02 Hand Cart
24:22 Man-at-Arms
25:25 Scale Mail Armor
25:35 Forging
25:43 Heavy Plow
26:20 Stone Mining
26:39 Town Watch
34:11 Imperial Age
32:57 Fletching
33:07 Padded Archer Armor
33:38 Caravan
33:52 Bodkin Arrow
34:32 Iron Casting
34:12 Chain Mail Armor
33:54 Elite Skirmisher
35:09 Leather Archer Armor
36:52 Two-Man Saw
35:54 Bracer
37:23 Chemistry
36:43 Ballistics
36:52 Squires
36:13 Pikeman
36:31 Imperial Skirmisher
37:16 Thumb Ring
40:41 Ring Archer Armor
40:41 Plate Mail Armor
42:44 Crop Rotation
42:46 Plate Mail Armor
42:22 Scale Barding Armor
41:41 Halberdier
46:12 Paper Money
45:12 Elite Rattan Archer
47:05 Chain Barding Armor
Lizard
0:32 Loom
14:12 Feudal Age
17:40 Castle Age
18:58 Horse Collar
25:13 Wheelbarrow
25:47 Heavy Plow
27:18 Hand Cart
31:27 Imperial Age
30:01 Town Watch
30:07 Double-Bit Axe
31:44 Ballistics
32:15 Caravan
33:26 Artillery
34:45 Gold Mining
35:09 Fletching
36:53 Town Patrol
37:23 Bodkin Arrow
37:18 Elite Janissary
38:30 Bracer
38:32 Padded Archer Armor
39:43 Conscription
40:02 Leather Archer Armor
40:30 Gold Shaft Mining
41:17 Ring Archer Armor
41:15 Forging
41:18 Fortified Wall
40:54 Treadmill Crane
45:24 Iron Casting
48:31 Blast Furnace
47:24 Heated Shot
50:05 Scale Barding Armor
50:00 Scale Mail Armor
alejandro.cfs
3:36 Loom
17:42 Feudal Age
19:53 Wheelbarrow
24:52 Castle Age
27:34 Crossbowman
28:08 Fletching
29:15 Gold Mining
31:19 Double-Bit Axe
37:16 Imperial Age
35:34 Bow Saw
41:13 Furor Celtica
40:49 Heavy Scorpion
46:04 Chemistry
riicken
3:32 Loom
19:27 Feudal Age
23:29 Castle Age
21:26 Double-Bit Axe
21:39 Stone Mining
21:53 Gold Mining
24:34 Scale Barding Armor
24:39 Forging
24:45 Bow Saw
25:12 Gold Shaft Mining
28:41 Guard Tower
28:55 Murder Holes
29:15 Fortified Wall
34:54 Imperial Age
33:30 Husbandry
40:10 Cavalier
43:13 Hoardings
43:05 Conscription
42:58 Paladin
46:33 Chain Barding Armor
46:49 Iron Casting
tibulon
7:03 Loom
11:21 Feudal Age
13:23 Double-Bit Axe
13:23 Horse Collar
19:03 Castle Age
19:53 Gold Mining
19:53 Stone Mining
20:46 Heavy Plow
20:59 Bow Saw
21:28 Gold Shaft Mining
22:50 Wheelbarrow
24:24 Stone Shaft Mining
30:00 Imperial Age
28:23 Hand Cart
29:29 Fletching
29:48 Scale Barding Armor
33:58 Bodkin Arrow
34:25 Chain Barding Armor
36:20 Double Crossbow
38:43 Elite Ballista Elephant
40:17 Tusk Swords
39:47 Elite Battle Elephant
43:16 Ballistics
43:57 Chemistry
43:04 Siege Engineers
46:27 Husbandry
BlouGix
13:07 Feudal Age
18:51 Castle Age
17:21 Stone Mining
18:01 Double-Bit Axe
20:33 Stone Shaft Mining
21:11 Bow Saw
20:59 Gold Mining
27:20 Gold Shaft Mining
27:51 Wheelbarrow
27:48 Bloodlines
27:57 Fletching
28:13 Husbandry
33:50 Bodkin Arrow
35:20 Thumb Ring
39:35 Ballistics
Musklor
3:06 Loom
9:17 Loom
11:58 Feudal Age
12:13 Man-at-Arms
14:07 Town Watch
15:40 Double-Bit Axe
15:43 Horse Collar
20:23 Scale Mail Armor
26:41 Castle Age
24:39 Fletching
25:04 Forging
24:55 Padded Archer Armor
27:45 Chain Mail Armor
28:24 Squires
28:53 Bodkin Arrow
29:34 Iron Casting
29:33 Bow Saw
29:23 Stone Mining
29:25 Gold Mining
30:33 Leather Archer Armor
29:48 Elite Skirmisher
29:57 Pikeman
34:49 Anarchy
41:53 Imperial Age
Connection lost

Rejoining the realm…

Still unreachable

The connection could not be restored.

Session expired

The server has moved on; the page needs a fresh start.